Map: Campi della morte

Players

Mørtebianca - Winner!

  • Race: Zerg Zerg
  • League: Diamond

Jhyrachy - Winner!

  • Race: Zerg Zerg
  • League: Silver

Ben

  • Race: Terran Terran
  • League: Gold

chuky

  • Race: Zerg Zerg
  • League: Gold

VOD

Have the link to the VOD?

Description

Time

  • Played on: Dec. 9, 2015, 2:50 p.m.
  • Length: 11:29
Show
View Real Time Build Order
Export as new Build Order

Mørtebianca Zerg - Winner!

Build Orders: 3 Hatch before Pool 

Get SALT Encoding   

  12  0:03  Drone  
  13  0:08  Drone  
  14  0:17  Overlord  
  14  0:35  Drone x2  
  14  0:40  Drone  
  17  0:56  Hatchery, Drone  
  17  1:00  Drone  
  18  1:11  Drone  
  19  1:28  Hatchery  
  19  1:31  Drone x2  
  20  1:36  Extractor  
  19  1:40  Drone  
  19  1:41  Extractor  
  19  1:51  Spawning Pool  
  18  1:54  Drone  
  19  2:02  Drone  
  19  2:08  Drone  
  21  2:12  Drone  
  22  2:18  Overlord  
  22  2:31  Drone x2  
  22  2:34  Drone  
  25  2:38  Queen  
  25  2:41  Metabolic Boost  
  28  2:44  Drone  
  28  2:46  Drone  
  29  2:56  Drone x3  
  32  2:58  Drone  
  32  3:02  Drone  
  32  3:04  Drone  
  35  3:10  Drone  
  36  3:16  Drone x2  
  38  3:21  Zergling x2  
  38  3:24  Zergling x4  
  41  3:28  Zergling x2  
  42  3:42  Overlord  
  42  3:43  Overlord  
  42  3:45  Hatchery  
  42  3:46  Hatchery, Queen  
  42  3:47  Overlord  
  42  3:55  Overlord x2  
  42  4:02  Zergling x10  
  47  4:05  Zergling x2  
  47  4:07  Zergling x4  
  49  4:17  Zergling x4  
  42  4:31  Zergling x4  
  37  4:38  Zergling x4  
  39  4:48  Zergling x2  
  39  4:49  Zergling x2  
  41  5:06  Zergling x6  
  44  5:09  Hatchery  
  44  5:11  Hatchery  
  44  5:12  Drone x3  
  44  5:20  Extractor, Drone x2  
  45  5:21  Drone  
  46  5:33  Drone x2  
  46  5:34  Drone  
  46  5:35  Drone x2  
  51  5:41  Drone  
  52  5:43  Drone x2  
  52  5:45  Extractor  
  52  5:48  Queen  
  52  5:49  Queen  
  57  6:03  Roach Warren  
  56  6:05  Lair  
  56  6:07  Drone  
  56  6:08  Drone x8  
  64  6:21  Drone  
  64  6:22  Drone x3  
  64  6:23  Evolution Chamber x2  
  66  6:26  Extractor  
  66  6:27  Extractor  
  64  6:38  Drone x3  
  68  6:40  Drone x4  
  68  6:41  Drone x2  
  68  6:42  Drone  
  68  6:43  Drone  
  75  6:49  Zerg Missile Weapons Level 1  
  75  6:51  Zerg Ground Armor Level 1  
  75  6:53  Drone  
  76  6:55  Drone  
  76  7:09  Drone x2  
  76  7:11  Hydralisk Den  
  76  7:12  Drone  
  76  7:14  Overlord x4  
  78  7:15  Overlord  
  78  7:34  Glial Reconstitution  
  78  7:38  Burrow  
  78  7:40  Spore Crawler  
  78  7:41  Drone x2  
  78  7:42  Drone x2  
  81  7:44  Drone  
  81  7:45  Drone x10  
  81  7:48  Overlord  
  92  7:52  Muscular Augments  
  92  7:56  Pneumatized Carapace  
  91  8:10  Overlord x5  
  91  8:11  Overlord  
  91  8:22  Hydralisk  
  91  8:23  Hydralisk x7  
  91  8:24  Hydralisk  
  109  8:32  Hydralisk x2  
  109  8:33  Hydralisk x3  
  119  8:34  Hydralisk  
  119  8:36  Hydralisk  
  119  8:40  Hydralisk x2  
  127  8:42  Hydralisk  
  129  8:52  Drone x3  
  129  8:53  Tunneling Claws, Drone x2  
  134  8:56  Hydralisk  
  134  8:57  Hydralisk  
  134  9:00  Extractor  
  134  9:02  Zerg Missile Weapons Level 2  
  137  9:04  Zerg Ground Armor Level 2  
  137  9:06  Extractor  
  136  9:12  Extractor  
  136  9:14  Hatchery  
  136  9:15  Extractor  
  129  9:17  Drone x3  
  128  9:36  Hydralisk x15  
  158  9:38  Overlord  
  158  9:42  Lurker Den  
  158  9:50  Infestation Pit  
  157  10:06  Overlord x3  
  157  10:07  Overlord, Hydralisk  
  157  10:08  Hydralisk x8  
  173  10:25  Hydralisk  
  173  10:26  Hydralisk x7  
  173  10:28  Hydralisk x24  
  151  10:57  Hydralisk x2  
  151  10:58  Hydralisk x6  
  151  11:12  Zergling x2  
Show
View Real Time Build Order
Export as new Build Order

Jhyrachy Zerg - Winner!

Build Orders: Hatch First 

Get SALT Encoding   

  12  0:01  Drone  
  13  0:09  Drone  
  14  0:17  Overlord  
  14  0:36  Drone x3  
  17  0:58  Drone  
  17  1:03  Hatchery  
  17  1:09  Extractor  
  16  1:14  Spawning Pool  
  16  1:16  Drone  
  16  1:22  Drone  
  17  1:34  Drone  
  17  1:37  Drone  
  19  1:42  Overlord  
  19  2:06  Queen  
  21  2:09  Hatchery  
  20  2:17  Queen  
  20  2:20  Drone  
  23  2:29  Metabolic Boost  
  23  2:34  Drone  
  23  2:36  Drone  
  25  2:37  Drone  
  26  2:50  Drone  
  27  2:52  Drone  
  27  2:53  Drone x3  
  31  3:13  Queen  
  33  3:36  Drone x4  
  33  3:37  Drone  
  33  3:38  Drone  
  33  3:39  Drone  
  40  3:42  Overlord x2  
  40  3:51  Extractor  
  39  4:03  Zergling x2  
  39  4:04  Zergling x22  
  50  4:42  Zergling x4  
  49  5:20  Roach Warren  
  48  5:22  Lair  
  48  5:26  Extractor  
  47  5:29  Extractor  
  47  5:30  Drone  
  47  5:31  Drone  
  47  5:32  Drone  
  49  5:36  Overlord x4  
  49  5:37  Overlord  
  49  5:38  Overlord  
  49  5:47  Hatchery  
  48  5:54  Queen  
  50  6:09  Drone x3  
  50  6:10  Drone x2  
  50  6:11  Drone  
  56  6:12  Drone  
  56  6:13  Drone x3  
  56  6:17  Roach  
  56  6:18  Roach x14  
  82  6:19  Roach  
  92  6:50  Drone x2  
  92  6:51  Drone x3  
  92  6:52  Overlord  
  92  6:53  Overlord x4  
  97  7:06  Extractor  
  97  7:07  Spire  
  95  7:32  Extractor  
  94  7:55  Overlord x4  
  94  8:24  Zerg Flyer Weapons Level 1  
  94  8:26  Mutalisk x9  
  94  8:27  Mutalisk x8  
  128  8:37  Drone x3  
  128  8:38  Drone x7  
  128  8:39  Drone x4  
  136  10:01  Spire  
  135  10:18  Hatchery  
  134  10:25  Mutalisk x4  
  134  10:26  Mutalisk x13  
  168  10:47  Extractor  
  167  10:50  Extractor  
Show
View Real Time Build Order
Export as new Build Order

Ben Terran 

Build Orders: MMM Bio 

Get SALT Encoding   

  12  0:01  SCV  
  13  0:13  SCV  
  14  0:21  Supply Depot  
  14  0:26  SCV  
  15  0:43  SCV  
  15  0:45  Barracks  
  16  0:55  SCV  
  17  0:58  Supply Depot  
  17  1:07  SCV  
  18  1:18  Refinery  
  18  1:19  SCV  
  19  1:31  SCV  
  20  1:33  Barracks  
  20  1:43  SCV  
  20  1:45  Barracks  
  21  1:50  Barracks  
  21  1:51  Marine  
  22  1:57  SCV  
  23  2:09  SCV  
  23  2:12  Barracks Tech Lab  
  24  2:21  SCV  
  24  2:22  Barracks Tech Lab  
  25  2:31  Refinery  
  25  2:33  Concussive Shells  
  25  2:34  Marauder  
  27  2:43  Barracks Tech Lab  
  27  2:50  Barracks Tech Lab, Barracks  
  27  2:59  Marauder  
  29  3:09  Barracks Reactor  
  29  3:12  Marauder  
  31  3:33  Supply Depot  
  31  3:34  Supply Depot  
  31  3:46  Supply Depot  
  31  3:54  Marine x3  
  31  3:55  Marauder x2  
  38  3:56  Marauder  
  40  4:13  Marine x3  
  40  4:16  Marauder  
  45  4:27  Marauder x2  
  45  4:31  Marine x2  
  44  5:07  Marine x2  
  44  5:08  Marauder  
  44  5:09  Command Center  
  49  5:14  SCV  
  49  5:18  Barracks Tech Lab  
  49  5:30  Orbital Command  
  49  5:31  Engineering Bay  
  49  5:36  Stimpack  
  49  5:44  Marine  
  49  5:45  Marine  
  51  5:53  Engineering Bay  
  51  6:04  Factory  
  51  6:07  SCV  
  52  6:19  Marine x2  
  52  6:21  Marauder  
  56  6:26  Supply Depot  
  56  6:28  Missile Turret  
  56  6:35  Orbital Command  
  56  6:41  Combat Shields  
  56  6:45  SCV  
  57  6:52  Factory Tech Lab  
  57  6:57  SCV  
  58  7:01  Refinery  
  58  7:22  Missile Turret  
  58  7:23  Missile Turret  
  58  7:24  Marine  
  58  7:25  Marauder x2, Marine  
  64  7:38  Siege Tank  
  64  7:40  SCV  
  64  7:42  SCV  
  69  7:45  Refinery  
  69  7:57  Starport  
  69  8:02  Marine x2  
  71  8:06  SCV  
  71  8:07  SCV  
  73  8:14  Siege Tank  
  73  8:18  SCV  
  77  8:27  Missile Turret  
  77  8:37  Marine  
  78  8:42  Starport Reactor  
  78  8:51  Supply Depot  
  78  8:54  Marine, SCV  
  78  8:55  Marauder x2  
  84  8:57  Supply Depot  
  84  9:01  Terran Infantry Weapons Level 1  
  84  9:20  Marine  
  84  9:21  Marauder x2, Marine x2  
  90  9:32  Missile Turret  
  90  9:33  Missile Turret  
  87  9:41  Missile Turret  
  87  9:42  Missile Turret  
  87  9:56  Factory  
  87  10:07  Marine x2  
  87  10:08  Marauder x2  
  93  10:18  Marine x2  
  95  10:28  Marine x2  
  97  10:29  Marine  
  97  10:30  Marauder  
  100  10:36  Marauder  
  100  10:41  Marine  
  103  10:45  Marine  
  103  10:48  Marauder  
  71  11:03  Marine x3  
  71  11:04  Marauder  
  58  11:09  Marine  
Show
View Real Time Build Order
Export as new Build Order

chuky Zerg 

Build Orders: Pool First 

Get SALT Encoding   

  12  0:02  Drone  
  13  0:13  Overlord  
  13  0:30  Spawning Pool  
  12  0:39  Drone  
  12  0:41  Drone  
  14  0:44  Drone  
  15  1:07  Extractor  
  14  1:12  Hatchery  
  14  1:37  Queen  
  14  1:39  Zergling x4  
  18  1:41  Hatchery  
  17  1:53  Zergling x4  
  19  2:01  Overlord  
  19  2:14  Zergling x2  
  20  2:31  Zergling x2  
  20  2:35  Zergling x2  
  22  2:39  Metabolic Boost  
  22  2:44  Zergling x2  
  23  2:52  Queen  
  23  2:54  Overlord  
  25  3:01  Zergling x2  
  25  3:05  Zergling x2  
  27  3:12  Zergling x2  
  28  3:15  Zergling x2  
  29  3:41  Zergling x4  
  29  3:42  Zergling x6  
  34  3:56  Zergling x6  
  36  4:27  Zergling x4  
  36  4:28  Zergling x2  
  28  4:40  Zergling x6  
  28  4:41  Zergling x4  
  27  4:48  Drone  
  27  4:49  Drone  
  29  5:00  Zergling x4  
  29  5:06  Drone  
  29  5:20  Drone x3  
  32  5:22  Drone  
  32  5:26  Drone  
  34  5:34  Drone x2  
  36  5:44  Extractor  
  36  5:45  Lair  
  35  5:52  Spore Crawler  
  35  5:56  Spore Crawler  
  33  6:01  Overlord  
  33  6:04  Drone  
  34  6:20  Drone x5  
  39  6:36  Drone  
  39  6:37  Drone x4  
  44  6:40  Overlord  
  44  6:54  Spire  
  44  7:01  Evolution Chamber  
  42  7:03  Drone  
  42  7:04  Drone x2  
  45  7:29  Zerg Missile Weapons Level 1  
  45  7:33  Overseer  
  45  7:40  Drone x2  
  45  7:41  Drone x4  
  51  7:53  Extractor  
  50  7:59  Extractor  
  50  8:02  Overlord x2  
  49  8:06  Mutalisk  
  51  8:25  Mutalisk x7  
  65  8:28  Overlord  
  65  8:29  Overlord  
  65  8:43  Mutalisk  
  67  8:50  Mutalisk x2  
  71  8:59  Mutalisk  
  71  9:02  Zergling x6  
  76  9:04  Overlord x2  
  76  9:20  Overlord x3  
  76  9:24  Zerg Ground Armor Level 1  
  76  9:29  Corruptor  
  70  10:00  Mutalisk x4  
  78  10:13  Hatchery  
  77  10:18  Drone x4  
  77  10:19  Drone  
  70  10:31  Mutalisk x6  
  82  10:41  Mutalisk x4  
  82  11:06  Zergling x12  
  82  11:07  Zergling x2  
Tags
 
Add a new tag
Caveats
  • Supply blocks, unpowered buildings, or Contaminate may cause inaccurate times.
  • Supply counts are checked every 10 seconds.